cohdb
Replays
Latest Replays
All Replays
Popular Replays
Top Player Replays
Match Explorer
How It Works
Community
CoH3 Stats
Reddit
Sign in to upload your games and track your stats! →
Sign in with Steam
Match 44674282
Unlisted
Match 44674282
Overview
Messages
Build Orders
End
Royal Engineer Section
Royal Engineer Section
Construct Section Command Post
Selects Heavy Armor Battlegroup
Construct Platoon Command Post
Selects Engineer Detachments
Royal Engineer Section
Humber Armored Car
Royal Engineer Section
Royal Engineer Section
Royal Engineer Section
Humber Armored Car
ML 3-inch Mortar Team
ML 3-inch Mortar Team
SALADIN
Djuren
Arturokq
LATBAT
Json
wujson
0
0
Comments
sign in to comment!
No comments posted yet!